 Dungeon Crawl Stone Soup version 0.25-a0-24-g72dcfe0359 (webtiles) character file.

Game seed: 3291448794153996546, levelgen mode: deterministic

112 Froggeryz the Insei (level 4, 0/28 HPs)
             Began as an Octopode Transmuter on Oct 17, 2019.
             Slain by Jessica (2 damage)
             ... on level 2 of the Dungeon.
             The game lasted 00:03:25 (2384 turns).

Froggeryz the Insei (Octopode Transmuter)           Turns: 2384, Time: 00:03:26

Health: 0/28       AC:  1    Str: 10    XL:     4   Next: 95%
Magic:  7/7        EV: 13    Int: 15    God:
Gold:   56         SH:  0    Dex: 12    Spells: 6/7 levels left

rFire    . . .     SeeInvis .     - Unarmed
rCold    . . .     Gourm    .   (no shield)
rNeg     . . .     Faith    .   (helmet restricted)
rPois    .         Spirit   .   (no amulet)
rElec    .         Reflect  .   f - ring of protection from magic
rCorr    .         Harm     .   (no ring)
MR       +....                  (no ring)
Stlth    ++........             (no ring)
HPRegen  0.09/turn              (no ring)
MPRegen  0.10/turn              (no ring)
                                (no ring)
                                (no ring)

@: lethally poisoned (0 -> -4)
A: almost no armour, stealthy swim, amphibious, 8 rings, constrict 8, camouflage
1, gelatinous body 1
a: no special abilities


You were on level 2 of the Dungeon.
You were not hungry.

You visited 1 branch of the dungeon, and saw 2 of its levels.

You collected 56 gold pieces.

Inventory:

Hand Weapons
 k - a +0 whip of pain
Missiles
 a - 46 arrows
 j - 2 javelins (quivered)
Jewellery
 f - a ring of protection from magic (left tentacle)
 l - an uncursed ring of stealth {unknown}
 m - an uncursed amulet of regeneration {unknown}
Scrolls
 d - a scroll of remove curse
 e - a scroll of fear
 g - 2 scrolls of identify {unknown}
 h - a scroll of immolation {unknown}
 i - a scroll of amnesia {unknown}
Comestibles
 c - 4 rations


   Skills:
 - Level 1.0 Fighting
 - Level 2.0 Dodging
 * Level 4.8 Unarmed Combat
 - Level 2.0 Spellcasting
 + Level 3.2 Transmutations


You had 6 spell levels left.
You knew the following spells:

 Your Spells              Type           Power        Failure   Level  Hunger
a - Beastly Appendage     Tmut           ##....       6%          1    #......

Your spell library contained the following spells:

 Spells                   Type           Power        Failure   Level  Hunger
 Sticks to Snakes         Tmut           ##......     9%          2    ###....
 Spider Form              Tmut/Pois      #.........   34%         3    ###....
 Ice Form                 Ice/Tmut       #.......     75%         4    #####..
 Blade Hands              Tmut           ##........   86%         5    ######.


Dungeon Overview and Level Annotations

Branches:
Dungeon (2/15)

Altars:

Annotations:
D:2 Jessica


Innate Abilities, Weirdness & Mutations

You cannot wear most types of armour.
You are very stealthy in the water. (Stealth+)
You are amphibious.
You can wear up to eight rings at the same time.
You can use your tentacles to constrict eight enemies at once.
Your skin changes colour to match your surroundings (Stealth+).
Your rubbery body absorbs attacks. (AC +1, EV +1)


Message History

* * * LOW HITPOINT WARNING * * *
The giant cockroach bites you.
* * * LOW HITPOINT WARNING * * *
The hobgoblin hits you.
* * * LOW HITPOINT WARNING * * *
Unknown command.
As you read the scroll labeled QEGOFOI FUMMU, it crumbles to dust.
You assume a fearsome visage.
The giant cockroach looks frightened!
The adder looks frightened!
The hobgoblin looks frightened!
Jessica looks frightened!
It was a scroll of fear.
You constrict the adder.
The adder struggles to escape constriction.
Jessica mumbles some strange words.
Jessica blinks!
The adder escapes!
You aren't carrying any potions.
You tentacle-slap Jessica.
Your attack snaps Jessica out of her fear.
You grab Jessica.
Jessica is lightly wounded.
You constrict Jessica. Jessica hits you.
You die...

#...............#.............###
#############..###..#########..##
# ###.##$##.......####.## #
##....#.#........#...... #
##..#.##.##.#.....#.##..# #
#..####.S.####....#.###.# # #.##
s..ยง..g ##...#.##... #
#..####...####....#.##..# #
#...#.##@##.#..####.##...
#########.#....#@'...........#.#.
..............##)##.##.......#.#.
###########.#..###...........#.##
#.#...#..###.......#.##
#.#......).).......#...
#.##########.......#### #.#
#.......# ### #.# #.......#


You could see an adder (fleeing), Jessica, a giant cockroach (fleeing) and a
hobgoblin (fleeing).

Vanquished Creatures
  Terence (D:2)
  Robin (D:2)
  2 adders (D:2)
  A dart slug (D:1)
  3 bats
  2 giant cockroaches
  11 goblins
  5 hobgoblins
  6 jackals
  8 kobolds
  A quokka (D:2)
  2 ball pythons
  5 frilled lizards
  6 rats
54 creatures vanquished.

Notes
Turn   | Place    | Note
-------+----------+-------------------------------------------
     0 | D:1      | Froggeryz the Octopode Transmuter began the quest for the
                  | Orb.
     0 | D:1      | Reached XP level 1. HP: 13/13 MP: 3/3
    96 | D:1      | Reached XP level 2. HP: 8/18 MP: 5/5
   788 | D:1      | Reached XP level 3. HP: 21/23 MP: 6/6
  1341 | D:2      | Reached skill level 4 in Unarmed Combat
  1636 | D:2      | Reached XP level 4. HP: 25/28 MP: 7/7
  1833 | D:2      | Noticed Terence
  1844 | D:2      | Killed Terence
  1994 | D:2      | Noticed Robin
  2170 | D:2      | Killed Robin
  2378 | D:2      | Noticed Jessica
  2382 | D:2      | HP: 1/28 [hobgoblin (3)]
  2384 | D:2      | Slain by Jessica

Levels and vault maps discovered:
D:1:      mrwooster_arrival_statue_2, layout_basic
D:2:      layout_basic, first_ration, minmay_fractal_squares_gapless_5,
          uniq_robin, uniq_terence, uniq_jessica

Skill      XL: |  1  2  3  4 |
---------------+-------------+-----
Unarmed Combat | 4 |  4.8
Transmutations | 3 |  3.2
Fighting       | |  1.0
Dodging        | |  2.0
Spellcasting   | |  2.0

Action                   |  1- 3 |  4- 6 || total
-------------------------+-------+-------++-------
Melee: Unarmed           |    98 |    31 ||   129
       Tentacles         |    17 |     1 ||    18
       Constrict         |    25 |     9 ||    34
       Punch             |     1 |       ||     1
       Kick              |       |     2 ||     2
 Cast: Beastly Appendage |     1 |     1 ||     2
  Use: Scroll            |       |     2 ||     2
       Potion            |       |     2 ||     2
 Stab: Sleeping          |     7 |       ||     7
  Eat: Chunk             |     2 |     3 ||     5
Armor: Skin              |     3 |       ||     3
Dodge: Dodged            |    55 |    18 ||    73

Table legend:
 A = Non-vault XP
 B = Vault XP
 C = Vault XP percentage of total XP
 D = Non-vault monster count
 E = Vault monster count
 F = Vault count percentage of total count
                 A         B        C        D         E       F
            +---------+---------+-------+---------+---------+-------
      Total |      98 |      63 |  39.1 |      46 |       8 |  14.8
            +---------+---------+-------+---------+---------+-------
        D:1 |      39 |       2 |   4.9 |      23 |       1 |   4.2
        D:2 |      59 |      61 |  50.8 |      23 |       7 |  23.3
            +---------+---------+-------+---------+---------+-------
